 Dungeon Crawl Stone Soup version 0.31-a0-1576-ga3383bade6 (webtiles) character file.

Game seed: 11157808177569852123

95 zenocrate the Sneak (level 4, -8/22 HPs)
             Began as a Vine Stalker Enchanter on Jan 4, 2024.
             Killed from afar by Sigmund (9 damage)
             ... with a magic dart
             ... on level 3 of the Dungeon.
             The game lasted 00:01:48 (2294 turns).

zenocrate the Sneak (Vine Stalker Enchanter)        Turns: 2294, Time: 00:01:48

Health: -8/22      AC:  2    Str: 10    XL:     4   Next: 66%
Magic:  0/8        EV: 12    Int: 17    God:
Gold:   113        SH:  0    Dex: 15    Spells: 2/7 levels left

rFire   . . .        a - +1 dagger
rCold   . . .        (no shield)
rNeg    . . .        d - +0 robe
rPois   +            (no helmet)
rElec   .            (no cloak)
rCorr   .            (no gloves)
SInv    .            (no boots)
Will    .....        (no amulet)
Stlth   +++          i - ring of poison resistance
HPRegen 1.03/turn    (no ring)
MPRegen 0.11/turn

%: guardian spirit
@: brilliant, invisible
A: fangs 2, regeneration 1, magic shield, antimagic bite, no potion heal 2
a: no special abilities


You were on level 3 of the Dungeon.
You visited 1 branch of the dungeon, and saw 3 of its levels.

You collected 113 gold pieces.

Inventory:

Hand Weapons
 a - a +1 dagger (weapon)
 b - a +0 short sword
Missiles
 k - 3 poisoned darts
Armour
 d - a +0 robe (worn)
Jewellery
 i - a ring of poison resistance (left hand)
Scrolls
 f - a scroll of enchant armour {unknown}
 g - a scroll of teleportation {unknown}
 h - a scroll of fog {unknown}
 j - a scroll of fear {unknown}
Potions
 c - a potion of invisibility


   Skills:
 + Level 1.2 Fighting
 + Level 1.9 Short Blades
 - Level 1.5 Dodging
 + Level 4.5 Stealth
 - Level 2.1 Spellcasting
 + Level 3.6 Hexes
 + Level 1.3 Ice Magic


You had 2 spell levels left.
You knew the following spells:

 Your Spells              Type           Power      Damage    Failure   Level
a - Ensorcelled Hibernat  Hex/Ice        30%        N/A       11%         2
b - Confusing Touch       Hex            21%        N/A       13%         3

Your spell library contained the following spells:

 Spells                   Type           Power      Damage    Failure   Level
 Tukima's Dance           Hex            21%        N/A       13%         3
 Dazzling Flash           Conj/Hex       24%        N/A       26%         3
 Fugue of the Fallen      Necr           2%         N/A       50%         3
 Passwall                 Erth           2%         N/A       50%         3
 Swiftness                Air            2%         N/A       50%         3
 Anguish                  Hex/Necr       6%         N/A       65%         4
 Passage of Golubria      Tloc           2%         N/A       88%         4
 Yara's Violent Unravell  Hex/Alch       6%         3d5       94%         5


Dungeon Overview and Level Annotations

Branches:
Dungeon (3/15)

Altars:

Annotations:
D:3 Sigmund


Innate Abilities, Weirdness & Mutations

You have extremely sharp teeth.
Your natural rate of healing is unusually fast.
When hurt, damage is shared between your health and your magic reserves.
Your bite disrupts and absorbs the magic of your enemies.
Potions cannot restore your health.


Message History

Found a stone staircase leading down.
No target in view!
Sigmund the Dreaded comes into view.
He is wielding a +0 scythe.
Found 3 stones.
A bat comes into view.
Sigmund shouts!
Sigmund casts a spell.
Sigmund flickers and vanishes!
Deactivating autopickup; reactivate with Ctrl-A.
A bat is nearby!
A bat is nearby!
You hear some strange, mumbled words.
You are confused.
You bump into the rock wall.
The bat hits you but does no damage. Something hits you.
You bump into the rock wall.
The bat closely misses you.
You bump into the rock wall.
The bat closely misses you. Something hits you!
Unknown command.
Okay, then.
The bat hits you but does no damage. Something hits you!
The bat closely misses you.
Unknown command.
You're too confused to move!
The bat hits you but does no damage.
You hear some strange, mumbled words.
A magic dart appears from out of thin air!
The magic dart hits you. The bat hits you.
* * * LOW HITPOINT WARNING * * *
Unknown command.
It was a potion of brilliance.
You feel clever all of a sudden.
You feel less confused. The bat closely misses you. Something hits you!
* * * LOW HITPOINT WARNING * * *
Unknown command.
You fade into invisibility!
The bat hits you.
* * * LOW HITPOINT WARNING * * *
You hear some strange, mumbled words.
A magic dart appears from out of thin air!
The magic dart hits you!
You die...

+.....#)###..#
#............#
#...##.......#
###.##.......#
#.##.......#
#..'.......#
########.##.......#
###.....#..##.....###
#..{@##.#..########
#(.b.##..........#
#....##..........#
###+###..........#
#.##.#.......
#).##.#.......
....##.#.......
>.##.##.#....... .#
## ..........


You could see a bat.

Vanquished Creatures
  4 adders
  3 dart slugs
  3 orcs (D:3)
  4 ball pythons
  5 bats
  6 endoplasms
  2 giant cockroaches
  9 goblins
  2 hobgoblins (D:2)
  A quokka (D:1)
  3 frilled lizards (D:1)
  A kobold (D:2)
  2 rats (D:1)
45 creatures vanquished.

Notes
Turn   | Place    | Note
-------+----------+-------------------------------------------
     0 | D:1      | zenocrate the Vine Stalker Enchanter began the quest for
                  | the Orb.
     0 | D:1      | Reached XP level 1. HP: 9/9 MP: 4/4
    23 | D:1      | Reached skill level 1 in Short Blades
   180 | D:1      | Found a faded altar of an unknown god.
   187 | D:1      | Reached XP level 2. HP: 11/13 MP: 4/6
   190 | D:1      | Learned a level 2 spell: Ensorcelled Hibernation
   220 | D:1      | Reached skill level 4 in Stealth
   569 | D:1      | Reached XP level 3. HP: 16/17 MP: 3/7
   573 | D:1      | Learned a level 3 spell: Confusing Touch
  1213 | D:2      | Reached skill level 1 in Fighting
  1213 | D:2      | Reached skill level 1 in Ice Magic
  1378 | D:2      | Reached XP level 4. HP: 22/22 MP: 8/8
  2283 | D:3      | Noticed Sigmund
  2293 | D:3      | HP: 1/22 [something (6)]
  2294 | D:3      | Killed from afar by Sigmund

Illustrated notes

Levels and vault maps discovered:
D:1:      dpeg_arrival_chambers_temple_mockup, layout_loops_corners,
          shapermc_ecumenical_altar_gd
D:2:      layout_basic
D:3:      layout_basic, tso_metal_star, gammafunk_ghost_grave,
          guppyfry_early_orc_mine, uniq_sigmund, uniq_natasha

Skill      XL: |  1  2  3 |
---------------+----------+-----
Short Blades   | 1 |  1.9
Stealth        | 4 |  4.5
Fighting       | 1 |  1.2
Ice Magic      | 1 |  1.3
Dodging        | |  1.5
Spellcasting   | |  2.1
Hexes          | |  3.6

Action                     |  1- 3 |  4- 6 || total
---------------------------+-------+-------++-------
  Melee: Dagger            |    70 |    57 ||   127
         Bite              |    18 |    11 ||    29
         Punch             |     2 |     1 ||     3
   Cast: Ensorcelled Hiber |     1 |     3 ||     4
    Use: Potion            |       |     2 ||     2
   Stab: Sleeping          |    10 |     2 ||    12
 Armour: Robe              |    31 |    39 ||    70
  Dodge: Dodged            |    42 |    35 ||    77

Table legend: (Time is in decaauts)
 A = Elapsed time spent in this place.
 B = Non-inter-level travel time spent in this place.
 C = Inter-level travel time spent in this place.
 D = Time resting spent in this place.
 E = Time spent auto-exploring this place.
 F = Levels seen in this place.
 G = Mean time per level.
                   A        B        C        D        E       F      G
               +--------+--------+--------+--------+--------+-----+--------+
         Total |   2283 |   2237 |     46 |      0 |   1864 |   3 |  761.0 |
       Dungeon |   2283 |   2237 |     46 |      0 |   1864 |   3 |  761.0 |
               +--------+--------+--------+--------+--------+-----+--------+

Top non-repeatable levels by time:
     D:1: 1039 daAuts
     D:2: 1030 daAuts
     D:3: 212 daAuts
